 Dungeon Crawl Stone Soup version 0.31-a0-198-g2ad674f65e (webtiles) character file.

Game seed: 14646850937287942830

977 qw the Skirmisher (level 7, 0/40 HPs)
             Began as a Deep Elf Hunter on June 25, 2023.
             Slain by a gnoll
             ... wielding a +0 whip
              (3 damage)
             ... on level 5 of the Dungeon.
             The game lasted 00:02:23 (4232 turns).

qw the Skirmisher (Deep Elf Hunter)                 Turns: 4232, Time: 00:02:24

Health: 0/40       AC: 10    Str: 10    XL:     7   Next: 95%
Magic:  0/9        EV: 11    Int: 14    God:
Gold:   206        SH:  0    Dex: 18    Spells: 6/6 levels left

rFire   . . .        Y - +0 shortbow (flame)
rCold   . . .        (shield currently unavailable)
rNeg    + + .        r - +0 ring mail
rPois   .            b - +2 helmet
rElec   .            u - +0 cloak
rCorr   .            (no gloves)
SInv    .            q - +0 pair of boots
Will    .....        c - amulet of guardian spirit
Stlth   +            h - ring of positive energy
HPRegen 0.26/turn    k - ring of positive energy
MPRegen 0.11/turn

%: guardian spirit
@: lethally poisoned (0 -> -1), about to teleport, marked
A: no striking features
a: no special abilities


You were on level 5 of the Dungeon.
You visited 1 branch of the dungeon, and saw 5 of its levels.

You collected 206 gold pieces.


   Skills:
 + Level 2.0 Fighting
 - Level 12.3 Ranged Weapons
 - Level 1.0 Armour
 - Level 3.3 Dodging
 - Level 1.2 Stealth


You had 6 spell levels left.
You didn't know any spells.
Your spell library was empty.

Inventory:

Hand Weapons
 Y - a +0 shortbow of flaming (weapon)
Armour
 b - a +2 helmet (worn)
 q - a +0 pair of boots (worn)
 r - a +0 ring mail (worn)
 u - a +0 cloak (worn)
Jewellery
 c - an amulet of guardian spirit (around neck)
 h - a ring of positive energy (left hand)
 k - a ring of positive energy (right hand)
 o - a ring of ice
Wands
 p - a wand of digging (6)
Scrolls
 a - a scroll of identify
Potions
 d - a potion of enlightenment
 e - 2 potions of haste
 f - a potion of degeneration {unknown}
 g - a potion of cancellation {unknown}
 j - 3 potions of curing
 l - a potion of resistance
 m - a potion of might {unknown}
 s - a potion of ambrosia {unknown}
 t - a potion of mutation {unknown}

Dungeon Overview and Level Annotations

Branches:
Dungeon (5/15)
 Temple: D:4-7

Altars:
Dithmenos
Elyvilon
Qazlal
Uskayaw
Zin


Message History

The black bear barely misses you. The black bear closely misses you.
The black bear claws you but does no damage.
You shoot an arrow.
The arrow hits the black bear but does no damage.
The black bear is lightly wounded.
You feel sick. The hound misses you.
A gnoll comes into view. It is wielding a +0 halberd.
The black bear bites you. The black bear misses you.
The black bear claws you but does no damage.
The hound bites you.
You shoot an arrow. The arrow hits the black bear.
The arrow burns the black bear.
The black bear is moderately wounded.
You feel sick. The hound bites you. The gnoll hits you with a +0 whip.
The black bear completely misses you. The black bear misses you.
The black bear claws you but does no damage.
You shoot an arrow.
The arrow hits the black bear but does no damage.
The black bear is moderately wounded.
You feel sick. The hound barely misses you. The gnoll closely misses you.
The gnoll hits you with a +0 whip.
The black bear bites you but does no damage.
The black bear claws you. The black bear misses you.
You shoot an arrow. The arrow hits the black bear.
The arrow burns the black bear.
The black bear is heavily wounded.
You feel sick. The hound barely misses you.
An orc comes into view. It is wielding a +0 club.
The gnoll closely misses you.
The gnoll hits you from afar with a +0 halberd.
The black bear bites you but does no damage.
The black bear closely misses you.
The black bear claws you but does no damage.
The gnoll barely misses you. The hound bites you but does no damage.
4232 ||| READING scroll of teleportation.
As you read the scroll of teleportation, it crumbles to dust.
You feel strangely unstable.
You feel sick. The hound bites you. The gnoll hits you with a +0 flail.
The gnoll barely misses you. The gnoll hits you with a +0 whip.
You die...

#.#.###..#
#...# ##.#
#..###..##..#
#..)........#
#..###.###..#
#..#...#...##..
#...#...#...# .
#..###hg#go.#
#..#...#@g###..
#...#...#.h.#
..#
#...#)..##..#
.# .###.###
#..# ... ....
### ..### #. ..


You could see a black bear, a hound, 3 gnolls and an orc.

Vanquished Creatures
  A water moccasin (D:5)
  An ice beast (D:5)
  2 ogres
  A centaur (D:5)
  2 scorpions (D:5)
  2 orc priests
  2 iguanas (D:4)
  A sleepcap (D:4)
  3 orc wizards
  6 gnolls
  7 adders
  2 dart slugs
  18 orcs
  4 endoplasms
  4 giant cockroaches
  4 goblins
  5 hobgoblins
  6 kobolds
  2 quokkas (D:1)
  5 ball pythons
  10 bats
  5 frilled lizards
  5 rats
98 creatures vanquished.

Notes
Turn   | Place    | Note
-------+----------+-------------------------------------------
     0 | D:1      | qw the Deep Elf Hunter began the quest for the Orb.
     0 | D:1      | Reached XP level 1. HP: 12/12 MP: 3/3
     0 | D:1      | 0 ||| qw: Version: 0.3-a-22-g0ed2b0b
     0 | D:1      | 0 ||| qw: Game counter: 5286
     0 | D:1      | 0 ||| qw: Melee chars always use a shield: true
     0 | D:1      | 0 ||| qw: God list: Okawaru
     0 | D:1      | 0 ||| qw: Allow faded altars: false
     0 | D:1      | 0 ||| qw: Do Orc after clearing Dungeon:15 true
     0 | D:1      | 0 ||| qw: Do second Lair branch before Depths: true
     0 | D:1      | 0 ||| qw: Lair rune preference: random
     0 | D:1      | 0 ||| qw: Goals: Normal
     0 | D:1      | 0 ||| PLANNING D:1-11
   184 | D:1      | Reached skill level 6 in Ranged Weapons
   184 | D:1      | Reached XP level 2. HP: 14/16 MP: 4/4
   329 | D:1      | 329 ||| UPGRADING to ring of positive energy.
   330 | D:1      | 330 ||| READING scroll labelled IPTUPE DONIEZ.
   331 | D:1      | 331 ||| DROPPING scroll of butterflies.
   700 | D:1      | Reached XP level 3. HP: 20/20 MP: 5/5
   971 | D:1      | Found a shadowy altar of Dithmenos.
   979 | D:1      | 979 ||| UPGRADING to +2 helmet.
   984 | D:1      | 984 ||| READING scroll labelled ZUTUTE VE SAWN.
  1135 | D:2      | Found a hide-covered altar of Uskayaw.
  1298 | D:2      | Found a faded altar of an unknown god.
  1858 | D:2      | 1858 ||| UPGRADING to +0 pair of boots.
  1863 | D:2      | 1863 ||| READING scroll labelled SOXABO KOAR.
  1866 | D:2      | 1866 ||| READING scroll labelled DEHILE XIEMUMM.
  1867 | D:2      | 1867 ||| DRINKING 2 bubbling purple potions.
  1868 | D:2      | 1868 ||| READING 2 scrolls of identify.
  1868 | D:2      | 1868 ||| IDENTIFYING black potion
  2196 | D:2      | 2196 ||| Stepping randomly (stuck).
  2246 | D:2      | 2246 ||| ZAPPING wand of digging (7).
  2279 | D:3      | 2279 ||| Stepping ~*~*~tactically~*~*~ (outnumbered).
  2284 | D:3      | Reached skill level 7 in Ranged Weapons
  2296 | D:3      | Reached XP level 4. HP: 13/25 MP: 6/6
  2302 | D:3      | HP: 6/25 [orc/+0 dagger (3)]
  2305 | D:3      | HP: 2/25 [orc/+0 dagger (1)]
  2500 | D:3      | Reached skill level 8 in Ranged Weapons
  2610 | D:3      | Found a glowing silver altar of Zin.
  2611 | D:3      | Found a hide-covered altar of Uskayaw.
  2614 | D:3      | Found a stormy altar of Qazlal.
  2614 | D:3      | Found a white marble altar of Elyvilon.
  2891 | D:3      | 2891 ||| Stepping ~*~*~tactically~*~*~ (outnumbered).
  2896 | D:3      | Reached XP level 5. HP: 17/29 MP: 7/7
  2896 | D:3      | 2896 ||| FLEEEEING.
  2897 | D:3      | 2897 ||| FLEEEEING.
  2898 | D:3      | 2898 ||| FLEEEEING.
  2899 | D:3      | 2899 ||| FLEEEEING.
  2900 | D:3      | 2900 ||| FLEEEEING.
  2901 | D:3      | 2901 ||| FLEEEEING.
  2902 | D:3      | 2902 ||| FLEEEEING.
  2903 | D:3      | 2903 ||| FLEEEEING.
  2904 | D:3      | 2904 ||| FLEEEEING.
  2905 | D:3      | 2905 ||| FLEEEEING.
  2906 | D:3      | 2906 ||| FLEEEEING.
  2907 | D:3      | 2907 ||| FLEEEEING.
  2908 | D:3      | 2908 ||| FLEEEEING.
  2909 | D:3      | 2909 ||| FLEEEEING.
  2910 | D:3      | 2910 ||| FLEEEEING.
  2911 | D:3      | 2911 ||| FLEEEEING.
  2912 | D:3      | 2912 ||| FLEEEEING.
  2913 | D:3      | 2913 ||| FLEEEEING.
  2914 | D:3      | 2914 ||| FLEEEEING.
  2915 | D:3      | 2915 ||| FLEEEEING.
  2916 | D:3      | 2916 ||| STAIRDANCE
  2944 | D:2      | 2944 ||| UPGRADING to +0 ring mail.
  2954 | D:2      | 2954 ||| DROPPING +0 leather armour.
  2955 | D:2      | 2955 ||| UPGRADING to +0 cloak.
  2960 | D:2      | 2960 ||| READING scroll labelled BOAPRI XISCHOK.
  2961 | D:2      | 2961 ||| READING scroll labelled QULLOTUUCW.
  2962 | D:2      | 2962 ||| READING 2 scrolls labelled ZAQIAL RUR QOGG.
  2963 | D:2      | 2963 ||| DRINKING 4 lumpy orange potions.
  2964 | D:2      | 2964 ||| DRINKING 2 metallic black potions.
  2965 | D:2      | 2965 ||| READING 2 scrolls of identify.
  2965 | D:2      | 2965 ||| IDENTIFYING murky cyan potion
  2966 | D:2      | 2966 ||| DROPPING potion of lignification.
  2967 | D:2      | 2967 ||| DROPPING scroll of immolation.
  3051 | D:4      | Reached skill level 1 in Armour
  3277 | D:4      | Identified the +3 dagger of Dido {freeze, rN++ Dex+4}
  3295 | D:4      | Reached skill level 9 in Ranged Weapons
  3470 | D:4      | Reached XP level 6. HP: 35/35 MP: 8/8
  3585 | D:4      | 3585 ||| UPGRADING to amulet of guardian spirit.
  3590 | D:4      | 3590 ||| UPGRADING to ring of positive energy.
  3591 | D:4      | 3591 ||| READING scroll labelled NAZUSTI GOUTU.
  3632 | D:4      | 3632 ||| DRINKING 4 murky clear potions.
  3633 | D:4      | 3633 ||| DROPPING 3 potions of attraction.
  3665 | D:5      | Entered Level 5 of the Dungeon
  3668 | D:5      | 3668 ||| STAIRDANCE
  3778 | D:5      | Reached skill level 10 in Ranged Weapons
  3787 | D:5      | Identified the +1 rapier "Pendulum" {flame, Will+ Str+3}
  3833 | D:5      | Reached skill level 3 in Dodging
  3909 | D:5      | 3909 ||| Stepping ~*~*~tactically~*~*~ (outnumbered).
  3912 | D:5      | 3912 ||| Stepping ~*~*~tactically~*~*~ (outnumbered).
  3916 | D:5      | Reached XP level 7. HP: 28/40 MP: 5/9
  4001 | D:5      | Reached skill level 11 in Ranged Weapons
  4099 | D:5      | 4099 ||| FLEEEEING.
  4100 | D:5      | 4100 ||| FLEEEEING.
  4101 | D:5      | 4101 ||| FLEEEEING.
  4102 | D:5      | 4102 ||| FLEEEEING.
  4227 | D:5      | Reached skill level 12 in Ranged Weapons
  4231 | D:5      | HP: 10/40 [gnoll/+0 halberd (1)]
  4232 | D:5      | 4232 ||| READING scroll of teleportation.
  4232 | D:5      | HP: 3/40 [gnoll/+0 flail (3)]
  4232 | D:5      | Slain by a gnoll

Levels and vault maps discovered:
D:1:      dpeg_arrival_water_altar, layout_basic, serial_co_window_serial,
          co_window_paths_a, co_window_corner_a, co_window_paths_a,
          co_window_paths_b, co_window_of_opportunity_a, co_window_paths_b,
          co_window_corner_a, co_window_cross_2, co_window_broadway_c,
          co_window_corner_cb, co_window_4corner_a, glass_columns_c,
          glass_columns_a, minmay_misc_feat_cross, chequers_garden,
          grunt_decor_junction
D:2:      layout_loops_corners, basic_altar, nicolae_ecumenical_oubliette,
          hangedman_decor_growths, dk_vineyard_2,
          amcnicky_mini_rare_corridor_liquid, hangedman_decor_slide_cut
D:3:      layout_loops_ring, grunt_temple_overflow_open
D:4:      layout_rooms, kennysheep_generic_room_2
D:5:      layout_loops_ring, nicolae_titane

Skill      XL: |  1  2  3  4  5  6  7 |
---------------+----------------------+-----
Ranged Weapons | 6 7 8 9 10 12 | 12.3
Armour         | 1 |  1.0
Fighting       | 2 |  2.0
Dodging        | 3 |  3.3
Stealth        | |  1.2

Action                     |  1- 3 |  4- 6 |  7- 9 || total
---------------------------+-------+-------+-------++-------
   Fire: Shortbow          |    75 |   136 |    70 ||   281
  Evoke: Wand              |     1 |       |       ||     1
    Use: Scroll            |     5 |     5 |     1 ||    11
         Potion            |     1 |     3 |       ||     4
 Armour: Leather armour    |    13 |     4 |       ||    17
         Ring mail         |       |    13 |    27 ||    40
  Dodge: Dodged            |    15 |    35 |    52 ||   102

Table legend:
 A = Non-vault XP
 B = Vault XP
 C = Vault XP percentage of total XP
 D = Non-vault monster count
 E = Vault monster count
 F = Vault count percentage of total count
                 A         B        C        D         E       F
            +---------+---------+-------+---------+---------+-------
      Total |    1397 |       0 |   0.0 |      98 |       0 |   0.0
            +---------+---------+-------+---------+---------+-------
        D:1 |      43 |       0 |   0.0 |      24 |       0 |   0.0
        D:2 |      15 |       0 |   0.0 |      11 |       0 |   0.0
        D:3 |     174 |       0 |   0.0 |      22 |       0 |   0.0
        D:4 |     289 |       0 |   0.0 |      17 |       0 |   0.0
        D:5 |     876 |       0 |   0.0 |      24 |       0 |   0.0
            +---------+---------+-------+---------+---------+-------
